[Event "*** Titled Tuesday Blitz"]
[Site "Chess.com"]
[Date "2021.03.16"]
[Round "1"]
[White "DinaBelenkaya"]
[Black "GMRafpig"]
[Result "1-0"]
[WhiteElo "2385"]
[BlackElo "2667"]
[TimeControl "180+1"]
[EndTime "10:07:32 PDT"]
[Termination "DinaBelenkaya won by resignation"]

1. e4 c5 2. Nc3 Nc6 3. g3 g6 4. Bg2 Bg7 5. d3 d6 6. Be3 Rb8 7. Qd2 b5 8. Nge2 b4 9. Nd1 e6 10. d4 cxd4 11. Nxd4 Nge7 12. O-O O-O 13. a3 a5 14. f4 Ba6 15. Re1 Nxd4 16. Bxd4 Bxd4+ 17. Qxd4 Qb6 18. Qxb6 Rxb6 19. axb4 axb4 20. Ne3 Rc8 21. Red1 Kf8 22. Ra4 Bb7 23. b3 f5 24. Nc4 Rxc4 25.
bxc4 Bxe4 26. Bxe4 fxe4 27. Rb1 Nc6 28. Kf2 d5 29.
Ke3 Ke7 30. c3 b3 31. cxd5 exd5 32. Ra3 Rb5 33. Raxb3 Rc5 34. Ra1 Na5 35. Rb8 Rxc3+ 36.
Kd2 Rd3+ 37. Kc2 Nc4 38. Ra6 Nd6 39. Rbb6 Nc8 40. Rb7+ Kd8 41. Rxh7 Rd4 42. Rxg6 Rc4+ 43. Kd2 Ne7 44. Rd6+ Ke8 45. Re6 Rc7 46. f5 Kf8 47. f6 e3+ 48. Kd3 1-0

[Event "*** Titled Tuesday Blitz"]
[Site "Chess.com"]
[Date "2021.03.16"]
[Round "1"]
[White "Rakesh"]
[Black "abeljusto"]
[Result "0-1"]
[WhiteElo "2505"]
[BlackElo "2196"]
[TimeControl "180+1"]
[EndTime "10:07:32 PDT"]
[Termination "abeljusto won by resignation"]

1. e4 Nf6 2. e5 Nd5 3. c4 Nb6 4. d4 d6 5. exd6 exd6 6. Nc3 Be7 7.
Nf3 O-O 8. Bd3 Nc6 9. h3 Bf6 10. Be3 Re8 11. O-O g6 12. Qd2 Nb4 13. Be2 Bf5 14.
Rad1 Nc2 15. Bh6 d5 16. c5 Nc4 17. Bxc4 dxc4 18. d5 Bd3 19. Rfe1 Nxe1 20. Rxe1 Rxe1+ 21. Nxe1 Qe7 22. Nxd3 cxd3 23. Qxd3 Qxc5 24. Ne4 Qe7 25. Qf3 Bg7 26. Bg5 f6 27. Nxf6+ Bxf6 28. Bxf6 Qf7 29. g4 h6 30. h4 Kh7 31. g5 h5 32. Qe4 Re8 33. Qd3 Qd7 34. f3 Qh3 35. Qc3 Qg3+ 36. Kf1 Qh3+ 37. Kf2 Qh2+ 38. Kf1 Qh1+ 39. Kf2 Qh2+ 40.
Kf1 Re2 41. Qxc7+ Qxc7 42. Kxe2 Qc4+ 43. Ke3 Qxd5 44. b3 Kg8 45. Kf4 Kf7 46. Be5 Ke6 47. Bf6 Qf5+ 0-1

[Event "*** Titled Tuesday Blitz"]
[Site "Chess.com"]
[Date "2021.03.16"]
[Round "1"]
[White "Sychev_Klementy"]
[Black "lagedema"]
[Result "1/2-1/2"]
[WhiteElo "2874"]
[BlackElo "2468"]
[TimeControl "180+1"]
[EndTime "10:07:35 PDT"]
[Termination "Game drawn by repetition"]

1. e4 c6 2. d4 d5 3. e5 Bf5 4. Nf3 e6 5. Be2 c5 6. Be3 Qb6 7. Nc3 Nc6 8. O-O Qxb2 9. Qe1 cxd4 10. Bxd4 Nxd4 11. Nxd4 Bb4 12. Ndb5 Bxc3 13. Nxc3 Ne7 14. Rb1 Qxc2 15. Rxb7 Ng6 16. g4 O-O 17. gxf5 Qxf5 18. f4 Nxf4 19. Qg3 Nxe2+ 20. Nxe2 Qe4 21. Rf2 Rac8 22.
Qf4 Qxf4 23. Nxf4 a5 24. Nh5 Rc1+ 25. Kg2 Re1 26. Ng3 Rxe5 27. Rb5 Ra8 28. Rc2 h5 29. h4 g6 30. Rb7 Re3 31. Rcc7 Rf8 32. Ra7 Ra3 33.
Rc2 Rd8 34. Rf2 Rf8 35. Rd2 Kg7 36. Ne2 Re8 37. Nd4 Ra4 38. Rf2 Rxd4 39. Rfxf7+ Kg8 40. Rg7+ Kh8 41. Rh7+ Kg8 42. Rag7+ Kf8 43. Rd7 Kg8 44. Rdg7+ Kf8 45. Rf7+ Kg8 46. Rfg7+ 1/2-1/2

[Event "*** Titled Tuesday Blitz"]
[Site "Chess.com"]
[Date "2021.03.16"]
[Round "1"]
[White "Aleksandar-Topalov"]
[Black "MarcoRiehle"]
[Result "1-0"]
[WhiteElo "2383"]
[BlackElo "2688"]
[TimeControl "180+1"]
[EndTime "10:07:35 PDT"]
[Termination "Aleksandar-Topalov won by checkmate"]

1. b3 e5 2. Bb2 Nc6 3. c4 Nf6 4. e3 d5 5. cxd5 Nxd5 6. a3 Be7 7. Qc2 O-O 8. Nf3 Bd6 9. d3 Be6 10.
Nbd2 f6 11. Be2 Qd7 12. O-O Rac8 13. Rfd1 Rfd8 14. Rac1 Bf8 15. b4 a6 16. d4 exd4 17.
Nxd4 Nxd4 18. Bxd4 Qf7 19. Bd3 g6 20. Ne4 Bg7 21. Nc5 c6 22. Nxe6 Qxe6 23. Bc4 f5 24. Bxg7 Kxg7 25. Rd4 Qe5 26. Rcd1 b5 27. Bb3 Rd6 28.
Bxd5 Rcd8 29. Bf3 Rxd4 30. exd4 Qf4 31. h3 h5 32. Qxc6 h4 33. d5 Rd6 34. Qc7+ Kh6 35. Qf7 g5 36. Re1 g4 37. hxg4 Rg6 38.
Qxf5 Qd2 39. Qh5+ Kg7 40. Re7+ Kf8 41. Qe5 Qc1+ 42. Qe1 Qc8 43. Re6 Rg7 44. d6 h3 45.
Re7 h2+ 46. Kh1 a5 47. d7 Qxd7 48. Rxd7 Rxd7 49. bxa5 b4 50. axb4 Rf7 51. a6 Kg7 52.
b5 Kf8 53. b6 Kg7 54. b7 Kg6 55. b8=Q Kg7 56. a7 Kg6 57. a8=Q Kg7 58. Qh8+ Kg6 59.
Qe6+ Kg5 60. Qhh6# 1-0

[Event "*** Titled Tuesday Blitz"]
[Site "Chess.com"]
[Date "2021.03.16"]
[Round "1"]
[White "Evgeny81"]
[Black "PavelChernomordik"]
[Result "1-0"]
[WhiteElo "2754"]
[BlackElo "2403"]
[TimeControl "180+1"]
[EndTime "10:07:36 PDT"]
[Termination "Evgeny81 won on time"]

1. d4 g6 2. Nf3 Bg7 3. c4 d6 4.
g3 Nf6 5. Bg2 O-O 6. O-O c6 7. b3 a5 8. Bb2 Na6 9. Nc3 Rb8 10. e4 Nd7 11. Re1 e5 12. Qd2 Nb4 13.
Rad1 Qe7 14. a3 Na6 15. Qc2 exd4 16. Nxd4 Ndc5 17. h3 Rd8 18. f4 h5 19. Nf3 Qc7 20.
Kh2 Qb6 21. Na4 Nxa4 22. Bxg7 Kxg7 23. bxa4 Nc5 24. f5 Qb3 25. Qd2 Qxc4 26. f6+ Kh7 27. Ng5+ Kg8 28. e5 Bf5 29. exd6 Qc2 30. Qe3 Ne6 31. Nxe6 fxe6 32. d7 Kh7 33. Rd2 Qxa4 34. g4 hxg4 35. Rd4 Qb5 36. hxg4 e5 37. Qh3+ Kg8 38.
Qh6 1-0

[Event "*** Titled Tuesday Blitz"]
[Site "Chess.com"]
[Date "2021.03.16"]
[Round "1"]
[White "chessmadara"]
[Black "zajka-molotok"]
[Result "0-1"]
[WhiteElo "2166"]
[BlackElo "2521"]
[TimeControl "180+1"]
[EndTime "10:07:39 PDT"]
[Termination "zajka-molotok won by resignation"]

1. e4 Nc6 2. d4 d5 3. e5 Bf5 4.
Nf3 e6 5. Bd3 Nge7 6. O-O Bxd3 7. Qxd3 Nf5 8. Nbd2 f6 9. Re1 fxe5 10. Rxe5 Nxe5 11.
Nxe5 c6 12. Ndf3 Bd6 13. Bg5 Qc7 14. Re1 O-O 15. c3 Rae8 16. h3 c5 17. Nh4 Nxh4 18. Bxh4 cxd4 19. cxd4 Bxe5 20. Rxe5 Qc1+ 21. Kh2 Qxb2 22. Rh5 g6 23. Re5 Qxa2 24. Bg3 Qc4 25. Qe3 Qc6 26. h4 Rf5 27. h5 a5 28. hxg6 hxg6 29.
Qh6 Re7 30. Rxf5 exf5 31. Qg5 Rh7+ 32. Bh4 Qc7+ 33. g3 a4 34. Qf6 Qf7 35. Qd8+ Kg7 36. Kg2 a3 37. Bg5 a2 38. Bf4 g5 39. Qxg5+ Kf8 40.
Qd8+ Qe8 41. Bd6+ Kf7 42. Qc7+ Ke6 0-1

[Event "*** Titled Tuesday Blitz"]
[Site "Chess.com"]
[Date "2021.03.16"]
[Round "1"]
[White "InitiatingASC"]
[Black "Rud_Makarian"]
[Result "1-0"]
[WhiteElo "2444"]
[BlackElo "2789"]
[TimeControl "180+1"]
[EndTime "10:07:44 PDT"]
[Termination "InitiatingASC won by resignation"]

1. d4 Nf6 2. c4 b6 3. Nc3 Bb7 4. e3 e6 5. Nf3 Bb4 6. Bd3 Bxc3+ 7. bxc3 d6 8. O-O O-O 9. Nd2 e5 10. e4 c5 11. f3 Nc6 12. d5 Ne7 13. a4 a5 14. Rf2 Bc8 15. Nf1 Ng6 16. Ng3 h6 17.
Nf5 Bxf5 18. exf5 Nf4 19. Bf1 Qd7 20. Qc2 Rfe8 21. Rb1 Rab8 22. g3 N4h5 23. Bg2 e4 24. fxe4 Re7 25. Bf3 Rbe8 26. g4 Nxe4 27. Bxe4 Rxe4 28.
gxh5 Rxc4 29. Bd2 Qb7 30. Qd3 Rxa4 31. Rg2 Re5 32. Bxh6 Qxd5 33. Rxg7+ Kf8 34. Qxd5 Rxd5 35. Rg4+ Ke7 36. Rxa4 Rxf5 37. Rxb6 Rxh5 38. Bf4 Rf5 39. Bxd6+ Kd7 40. Bg3 c4 41. Rxc4 a4 42. Rxa4 Ke7 43.
Ra7+ Kf8 44. Rb8+ Kg7 45. Rbb7 Kg6 46. c4 Rf3 47. Kg2 Rc3 48. Rd7 Rxc4 49. Rxf7 Rb4 50. Rg7+ Kh5 51. Ra5+ Kh6 52. Rgg5 Kh7 53. Kh3 Kh6 54.
Rgc5 Rb6 55. Rab5 Ra6 56. Rd5 Kg7 57. Rb7+ 1-0

[Event "*** Titled Tuesday Blitz"]
[Site "Chess.com"]
[Date "2021.03.16"]
[Round "1"]
[White "grzechu96"]
[Black "fabianvivasz"]
[Result "0-1"]
[WhiteElo "2637"]
[BlackElo "2366"]
[TimeControl "180+1"]
[EndTime "10:07:44 PDT"]
[Termination "fabianvivasz won by resignation"]

1. e4 e5 2. Nf3 Nc6 3. Bc4 Nf6 4.
d3 Bc5 5. c3 O-O 6. b4 Bb6 7.
a4 a6 8. Bg5 h6 9. Bh4 d6 10.
Nbd2 Be6 11. O-O Ne7 12. Bxf6 gxf6 13. a5 Ba7 14. Nh4 Kh7 15. Qh5 Qd7 16. Kh1 Bg4 17. Qxf7+ Rxf7 18. Bxf7 Rf8 19. Bb3 Be2 20. Rfe1 Bxd3 21. Kg1 Qg4 22. Nhf3 f5 23. h3 Qg7 24. exf5 Nxf5 25. Bd5 c6 26. Be4 Bxe4 27. Rxe4 h5 28.
c4 Ng3 29. Ree1 e4 30. c5 exf3 31. Nxf3 Rxf3 32. gxf3 Ne4+ 33. Kf1 Nd2+ 34. Ke2 Qc3 35. Rec1 Qxb4 36. Rc2 Nb3 37. Rd1 Nd4+ 38. Rxd4 Qxd4 39. Rd2 Qe5+ 40. Kd1 Qxc5 41. Rc2 Qf5 42. Kc1 Qf4+ 43. Kb1 Qxf3 44. Kb2 Bd4+ 45. Kb1 Qb3+ 46. Kc1 Bc3 47. Kd1 Qb1+ 0-1

[Event "*** Titled Tuesday Blitz"]
[Site "Chess.com"]
[Date "2021.03.16"]
[Round "1"]
[White "Oleksandr_Bortnyk"]
[Black "Orest_Vovk"]
[Result "1-0"]
[WhiteElo "2938"]
[BlackElo "2477"]
[TimeControl "180+1"]
[EndTime "10:07:45 PDT"]
[Termination "Oleksandr_Bortnyk won by resignation"]

1. e4 g5 2. d4 h6 3. Nc3 Bg7 4. Be3 d6 5. Bc4 c6 6. Bb3 Qa5 7. Ne2 Nd7 8. Qd2 Nf8 9. O-O-O Be6 10. Kb1 Bxb3 11. axb3 O-O-O 12. f4 gxf4 13. Nxf4 Nf6 14.
Qe2 Ng6 15. Nxg6 fxg6 16. Rhf1 Rhf8 17. h3 Qh5 18. Qc4 d5 19. Qc5 dxe4 20. Qxe7 Rd7 21.
Qe6 Re8 22. Qc4 Nd5 23. Nxd5 Qxd5 24. Qa4 a6 25. c4 Qe6 26. d5 Qd6 27. dxc6 Qxc6 28.
Qb4 Rxd1+ 29. Rxd1 Rd8 30. Rf1 Be5 31. Rf7 Bd6 32. Qa5 Bc7 33. Qb4 Rd1+ 34. Ka2 Rd7 35. Rxd7 Qxd7 36. Qf8+ Qd8 37. Qxh6 Bd6 38. Qxg6 Qa5+ 39.
Kb1 Qe1+ 40. Bc1 Bb4 41. Qe8+ Kc7 42. Qe5+ Kc8 43. Qf4 Bc5 44. Qf5+ Kb8 45. Qxc5 e3 46. Qxe3 Qf1 47. Qf4+ 1-0

[Event "*** Titled Tuesday Blitz"]
[Site "Chess.com"]
[Date "2021.03.16"]
[Round "1"]
[White "ViktoriyaTarasova"]
[Black "Frolyanov_D"]
[Result "0-1"]
[WhiteElo "2356"]
[BlackElo "2685"]
[TimeControl "180+1"]
[EndTime "10:07:46 PDT"]
[Termination "Frolyanov_D won by resignation"]

1. d4 d5 2. c4 e6 3. Nf3 c6 4. e3 Nf6 5. Nc3 Nbd7 6. Qc2 Bd6 7. Bd3 O-O 8. O-O dxc4 9. Bxc4 a6 10. e4 e5 11. Rd1 Qc7 12. h3 b5 13. Bf1 Re8 14.
a3 h6 15. b4 exd4 16. Nxd4 Ne5 17. f4 Ng6 18. e5 Nxe5 19. fxe5 Bxe5 20. Nf3 Bg3 21.
Ne2 Qb6+ 22. Kh1 Bb8 23. Bb2 Ne4 24. Bd4 Qc7 25. Rac1 c5 26. Bg1 Bb7 27. Bh2 Qe7 28. Bxb8 Nf2+ 29. Kg1 Nxd1 30. Rxd1 Raxb8 31. Qxc5 Qf6 32.
Qf2 Qb2 33. Rd3 Be4 34. Re3 Bg6 35. Rxe8+ Rxe8 36. Nf4 Qxa3 37. Nxg6 fxg6 38. Qd4 Qe3+ 39. Qxe3 Rxe3 40. Nd4 Re1 41. Kf2 Rb1 42. Nc6 Kf7 43. Bd3 Rb2+ 44. Kf3 g5 45. Be4 Ke6 46. Ke3 Kd6 47.
Kd3 Rb1 48. Kd4 Rd1+ 49. Kc3 Rc1+ 50. Kd4 Rxc6 51. Bxc6 Kxc6 52. Ke5 Kb6 53. Kd5 a5 54. bxa5+ Kxa5 55. Kd4 b4 0-1

[Event "*** Titled Tuesday Blitz"]
[Site "Chess.com"]
[Date "2021.03.16"]
[Round "1"]
[White "Sokoloco"]
[Black "1977Ivan"]
[Result "0-1"]
[WhiteElo "2433"]
[BlackElo "2814"]
[TimeControl "180+1"]
[EndTime "10:07:47 PDT"]
[Termination "1977Ivan won by resignation"]

1. b3 e5 2. Bb2 Nc6 3. e3 d5 4.
Bb5 Ne7 5. Ne2 a6 6. Bxc6+ Nxc6 7. O-O d4 8. exd4 exd4 9. d3 Be7 10. Nd2 O-O 11.
Nf3 Bg4 12. Ng3 Qd5 13. Re1 f5 14. h3 Bxf3 15. Qxf3 Qxf3 16. gxf3 g6 17. Ne2 Bb4 18. Red1 Rad8 19. a3 Ba5 20. b4 Bb6 21. Nf4 Rfe8 22.
Re1 Kf7 23. h4 Ne5 24. Kg2 h6 25. Re2 c6 26. Rae1 Bc7 27. h5 gxh5 28. Nxh5 Rg8+ 29.
Kh1 Rg5 30. Nf4 Nxf3 31. Re7+ Kg8 32. Rxc7 Nxe1 33. Ne6 Rh5+ 34. Kg1 Rd6 35. Nxd4 Rxd4 36. Bxd4 Nf3+ 37. Kg2 Nxd4 38. Rxb7 f4 39. c3 Rg5+ 40. Kf1 Nf3 41. Ke2 Ne5 42. Re7 h5 43. Re6 Kg7 44.
d4 Ng6 45. Rxc6 h4 46. Rc7+ Kh6 47. Kf3 h3 48. Rc8 h2 0-1

[Event "*** Titled Tuesday Blitz"]
[Site "Chess.com"]
[Date "2021.03.16"]
[Round "1"]
[White "youngKID"]
[Black "BvsN"]
[Result "1/2-1/2"]
[WhiteElo "2781"]
[BlackElo "2424"]
[TimeControl "180+1"]
[EndTime "10:07:48 PDT"]
[Termination "Game drawn - insufficient material"]

1. d4 d5 2. Nf3 Nf6 3. Bf4 c5 4. e3 Nc6 5. c3 Qb6 6. Qc1 Bf5 7. Nbd2 e6 8. Nh4 Be4 9. f3 Bg6 10. Nxg6 hxg6 11. Nb3 c4 12. Nd2 Nh5 13. h4 Nxf4 14.
exf4 Bd6 15. g3 Ne7 16. Bh3 Nf5 17. Kf2 Qc7 18. Bxf5 gxf5 19. b3 cxb3 20. axb3 a6 21. c4 Bb4 22. Nf1 Rc8 23. Ne3 dxc4 24. bxc4 Be7 25.
Kg2 Bf6 26. Rd1 O-O 27. Rb1 Rfd8 28. d5 Qe7 29. Qc2 b5 30. dxe6 fxe6 31. Qa2 Rxd1 32. Rxd1 Qc5 33. Qxa6 Rc6 34. Qxb5 Qxe3 35. Qxc6 Qe2+ 36.
Kh3 Qxd1 37. Qxe6+ Kf8 38. Qc8+ Kf7 39. Qxf5 Qf1+ 40.
Kg4 Qxc4 41. h5 Qe6 42. Qxe6+ Kxe6 43. f5+ Ke5 44. h6 gxh6 45. Kh5 Kxf5 46. Kxh6 Be5 47. g4+ Kf4 48. g5 Kxf3 49. g6 Kf4 50. g7 Bxg7+ 1/2-1/2

[Event "*** Titled Tuesday Blitz"]
[Site "Chess.com"]
[Date "2021.03.16"]
[Round "1"]
[White "Supernotar"]
[Black "KyrgyzFighter"]
[Result "1/2-1/2"]
[WhiteElo "2709"]
[BlackElo "2390"]
[TimeControl "180+1"]
[EndTime "10:07:50 PDT"]
[Termination "Game drawn by agreement"]

1. d4 f5 2. c4 Nf6 3. Nf3 g6 4. g3 Bg7 5. Bg2 O-O 6. O-O d6 7. b3 e5 8. Bb2 e4 9. Nfd2 c6 10. e3 d5 11. Nc3 Be6 12. f4 exf3 13. Qxf3 Ne4 14. Ndxe4 fxe4 15. Qe2 Nd7 16. Rxf8+ Qxf8 17. Rf1 Qe7 18. cxd5 cxd5 19. Nb5 Nf6 20. Ba3 Qd7 21. Rc1 a6 22. Nc7 Bg4 23. Qf2 Rc8 24. Qf4 h5 25. Qe5 Kh7 26. h4 Bf3 27. Ne6 Re8 28. Ng5+ Kg8 29. Qc7 Bxg2 30. Qxd7 Nxd7 31. Kxg2 Nf6 32.
Rc7 Ng4 33. Bc1 Bf6 34. Nh3 Be7 35. Nf4 Bd6 36. Rc2 Bxf4 37. gxf4 Re7 38. Bd2 Kf7 39. Kf1 Ke6 40. Ke2 Rd7 41. Bb4 Nh6 42. Be1 Nf5 43.
a4 Kd6 44. b4 Ke6 45. Bf2 Kd6 46. Be1 Rc7 47. Rxc7 Kxc7 48. Kd2 b5 1/2-1/2

[Event "*** Titled Tuesday Blitz"]
[Site "Chess.com"]
[Date "2021.03.16"]
[Round "1"]
[White "gurelediz"]
[Black "VinzentSpitzl"]
[Result "1/2-1/2"]
[WhiteElo "2662"]
[BlackElo "2361"]
[TimeControl "180+1"]
[EndTime "10:07:51 PDT"]
[Termination "Game drawn by repetition"]

1. e4 c5 2. Nf3 Nc6 3. d4 cxd4 4. Nxd4 Nf6 5. Nc3 e5 6. Ndb5 d6 7. Bg5 a6 8. Na3 b5 9. Nd5 Be7 10. Bxf6 Bxf6 11. c4 b4 12. Nc2 Rb8 13. b3 O-O 14. g3 Bg5 15. h4 Bh6 16. Bh3 Be6 17. Kf1 Qd7 18. Kg2 a5 19. Qh5 f5 20. exf5 Bxf5 21. Bxf5 Rxf5 22. Qe2 Rbf8 23. Rhf1 Qb7 24. Qe4 g6 25.
Rad1 a4 26. Ndxb4 Qb6 27. Nd3 axb3 28. Rb1 Ne7 29. axb3 g5 30. hxg5 Bxg5 31. b4 Qc7 32. b5 d5 33. Qe2 Qxc4 34. Rb4 Qc7 35. Rg4 Kh8 36. Rh1 e4 37. Ndb4 Rxf2+ 38. Qxf2 Rxf2+ 39. Kxf2 Qc5+ 40. Kg2 Bf6 41. Rh6 Bg7 42. Ra6 Qxb5 43.
Ra8+ Ng8 44. Ra7 Qe2+ 45. Kh3 Qf1+ 46. Kh2 Qe2+ 47. Kh3 Bf6 48. Ra8 Qf1+ 49. Kh2 Qe2+ 50. Kh3 Qf1+ 51. Kh2 Qe2+ 52. Kh3 1/2-1/2

[Event "*** Titled Tuesday Blitz"]
[Site "Chess.com"]
[Date "2021.03.16"]
[Round "1"]
[White "Dyadya81"]
[Black "TwentyHourADay"]
[Result "1-0"]
[WhiteElo "2739"]
[BlackElo "2398"]
[TimeControl "180+1"]
[EndTime "10:07:54 PDT"]
[Termination "Dyadya81 won on time"]

1. e4 c6 2. d4 d5 3. e5 Bf5 4. h4 a6 5. g4 Bd7 6. f4 e6 7. h5 c5 8. c3 Bb5 9. Bg2 Nh6 10. Be3 Nd7 11. Nd2 Rc8 12. a4 Bd3 13. Nb3 c4 14. Nc1 Be4 15. Bxe4 dxe4 16. Nh3 Nb6 17.
Nf2 Nd5 18. Kd2 f5 19. exf6 gxf6 20. Nxe4 f5 21. gxf5 Nxf5 22. Rh3 Bh6 23. Ne2 Rg8 24. Qf1 Nfxe3 25. Rxe3 Nxe3 26. Kxe3 Kd7 27. a5 Qh4 28. Qf3 Rc7 29. Nc5+ Kc8 30. Nxe6 Re7 31. d5 Rd8 32. Ra4 Qf6 33. Rxc4+ Kb8 34. Rd4 Qe5+ 35. Qe4 Qxh5 36. Kd3 Qh3+ 37. Qe3 Qf5+ 38. Qe4 Qh3+ 39. Kc2 Qh2 40.
f5 Qd6 41. f6 Rf7 42. Qf5 Be3 43. Nxd8 Bxd4 44. Nxf7 Qc7 45. Nxd4 Qxf7 46. Qe6 Qg6+ 47. Qf5 Qg2+ 48. Kb3 1-0

[Event "*** Titled Tuesday Blitz"]
[Site "Chess.com"]
[Date "2021.03.16"]
[Round "1"]
[White "eightbyeightchess"]
[Black "vinniethepooh"]
[Result "0-1"]
[WhiteElo "2375"]
[BlackElo "2717"]
[TimeControl "180+1"]
[EndTime "10:07:54 PDT"]
[Termination "vinniethepooh won by checkmate"]

1. e4 c5 2. Nf3 d6 3. d4 cxd4 4. Qxd4 Nc6 5. Bb5 Bd7 6. Bxc6 Bxc6 7. Nc3 Nf6 8. Bg5 e6 9. O-O-O Be7 10. Qd3 Qa5 11. h4 h6 12. Bd2 Qa6 13. Nd4 Rc8 14. f3 O-O 15. Qxa6 bxa6 16. g4 Nh7 17. Rdg1 Bf6 18. Nce2 g5 19. hxg5 hxg5 20. Rh3 Kg7 21. Rgh1 Rh8 22. Nxc6 Rxc6 23. Ng3 Be5 24. Nh5+ Kg6 25.
f4 gxf4 26. Bxf4 Rhc8 27. c3 Ng5 28. Bxg5 Kxg5 29. Ng3 Kxg4 30. Ne2 Kg5 31. Rh6 Bf4+ 32.
Kd1 Be5 33. R1h5+ Kg4 34. Ke1 f5 35. Rh4+ Kf3 36. exf5 exf5 37. Ra4 Rc4 38. Rh3+ Kg4 39. Rxc4+ Rxc4 40. Rd3 f4 41. Kf2 Bf6 42. Ng1 Bh4+ 43.
Kg2 Re4 44. Rxd6 f3+ 45. Nxf3 Re2+ 46. Kf1 Rf2+ 47. Kg1 Kxf3 48. Rxa6 Rxb2 49. c4 Rb1+ 50. Kh2 Bg3+ 51. Kh3 Rh1# 0-1

[Event "*** Titled Tuesday Blitz"]
[Site "Chess.com"]
[Date "2021.03.16"]
[Round "1"]
[White "JordanLoyd2020"]
[Black "CrazyMartian"]
[Result "0-1"]
[WhiteElo "2534"]
[BlackElo "2240"]
[TimeControl "180+1"]
[EndTime "10:07:58 PDT"]
[Termination "CrazyMartian won by resignation"]

1. d4 d5 2. c4 e6 3. Nc3 Nf6 4. cxd5 exd5 5. Bg5 c6 6. e3 Be7 7. Bd3 Nbd7 8. Qc2 h6 9. Bh4 Nh5 10. Bxe7 Qxe7 11. Nge2 Nb6 12. O-O O-O 13. Qd2 Re8 14. Rae1 Be6 15. f3 Rad8 16. e4 dxe4 17. fxe4 Qg5 18.
Qxg5 hxg5 19. e5 c5 20. dxc5 Rxd3 21. cxb6 axb6 22. Rd1 Red8 23. Rxd3 Rxd3 24. b3 Rd2 25. Rd1 Rc2 26. Rc1 Rd2 27. Rd1 Rc2 28. Rd8+ Kh7 29. Kf2 Nf4 30. h3 Nxe2 31. Nxe2 Rxa2 32. Rb8 Bd5 33. g3 Rb2 34. Ke1 Rxb3 35. Rd8 Bc6 36. Nd4 Rxg3 37. Nf5 Rxh3 38. Nd6 Re3+ 39. Kf2 Rxe5 40.
Kg3 Re7 41. Nf5 Re6 42. Rb8 Rf6 43. Nd4 Rd6 44. Nf5 Rd3+ 45. Kh2 Rd2+ 46. Kg3 g6 47. Ne7 Kg7 48. Nc8 Rd3+ 49. Kf2 Rd8 50. Nxb6 0-1

[Event "*** Titled Tuesday Blitz"]
[Site "Chess.com"]
[Date "2021.03.16"]
[Round "1"]
[White "ShahMatKanal"]
[Black "Konavets"]
[Result "0-1"]
[WhiteElo "2478"]
[BlackElo "2943"]
[TimeControl "180+1"]
[EndTime "10:08:02 PDT"]
[Termination "Konavets won on time"]

1. d4 Nf6 2. Nf3 g6 3. c4 e6 4.
Nc3 d5 5. cxd5 exd5 6. Bf4 c6 7. e3 Bg7 8. Bd3 O-O 9. h3 Re8 10. Qc2 a5 11. O-O Na6 12. a3 Be6 13. Rab1 Nd7 14.
Na4 Bf8 15. Bxa6 Rxa6 16. Rbc1 Bf5 17. Qe2 b5 18. Ne5 Nxe5 19. Bxe5 Qg5 20. Bg3 h5 21. h4 Qf6 22. Rfe1 Ra7 23. Nc5 Rae7 24. Qd2 g5 25. hxg5 Qxg5 26. Bf4 Qg6 27. Qxa5 Bh3 28. g3 Bg4 29.
Kg2 h4 30. f3 Bc8 31. g4 Bh6 32.
Kf2 f5 33. g5 Bg7 34. Qd2 Qh5 35. Rh1 b4 36. axb4 Ra7 37. Rh3 Ra2 38. Rch1 Qf7 39.
Rxh4 Ba6 40. Nxa6 Rxa6 41. g6 Qa7 42. Be5 Rxe5 43. dxe5 Ra2 44. f4 Qa4 45. Kf3 Qb3 46. Qg2 Qc4 47. Qh3 Qe4+ 48. Kf2 Rxb2+ 49. Kg1 Rb1+ 50.
Qf1 Rxf1+ 51. Kxf1 Qxe3 52. R1h2 Qd3+ 0-1

[Event "*** Titled Tuesday Blitz"]
[Site "Chess.com"]
[Date "2021.03.16"]
[Round "1"]
[White "dpopadic"]
[Black "Aygehovit1992"]
[Result "0-1"]
[WhiteElo "2319"]
[BlackElo "2632"]
[TimeControl "180+1"]
[EndTime "10:08:02 PDT"]
[Termination "Aygehovit1992 won on time"]

1. e4 c5 2. Nc3 Nc6 3. f4 g6 4. Nf3 Bg7 5. Bc4 e6 6. f5 Nge7 7. fxe6 dxe6 8. d3 a6 9. a4 h6 10.
O-O g5 11. Kh1 Ng6 12. Be3 Qe7 13. Qe1 b6 14. Qf2 Bb7 15. a5 Nxa5 16. Bxc5 bxc5 17.
Rxa5 g4 18. Nd2 Bd4 19. Qe1 Ne5 20. Ne2 Be3 21. Bb3 h5 22. Nb1 h4 23. Nf4 Bxf4 24. Rxf4 h3 25. g3 c4 26. Rxe5 cxb3 27. cxb3 Qd6 28.
Qc3 Ke7 29. Rc5 Rac8 30. b4 e5 31. Rf1 f6 32. Nd2 Rxc5 33. bxc5 Qc6 34. Nb3 Rd8 35. Qc4 Qe6 36. Qxe6+ Kxe6 37. Nc1 a5 38. Kg1 Rc8 39. Nb3 a4 40. Na5 Ba6 41. Rc1 Bxd3 42. Kf2 Bxe4 43.
Ke3 f5 44. c6 Kd6 45. Rd1+ Kc7 46. Rd7+ Kb6 47. Nc4+ Kxc6 48. Nxe5+ Kb5 49. Rf7 Rc2 50. Rf8 Rxh2 0-1

[Event "*** Titled Tuesday Blitz"]
[Site "Chess.com"]
[Date "2021.03.16"]
[Round "1"]
[White "mbojan"]
[Black "Matols"]
[Result "1-0"]
[WhiteElo "2610"]
[BlackElo "2279"]
[TimeControl "180+1"]
[EndTime "10:08:02 PDT"]
[Termination "mbojan won by checkmate"]

1. g3 d5 2. Bg2 Nf6 3. d3 e6 4. Nf3 c5 5. O-O Nc6 6. c4 Be7 7. Nc3 O-O 8. cxd5 Nxd5 9. Ne4 b6 10. Bd2 Bb7 11. a3 Rc8 12. Rc1 h6 13. Bc3 Nxc3 14.
Nxc3 Re8 15. Nd2 Qd7 16. Qa4 Red8 17. Qg4 Nd4 18. Bxb7 Qxb7 19. Qe4 Qxe4 20. Ndxe4 f5 21. Nd2 e5 22. Rfd1 Bf6 23. Kg2 Kf7 24. e3 Ne6 25. e4 g6 26. Nc4 Nd4 27. Nd5 Bg5 28. Nxe5+ Kg7 29. f4 Bf6 30. Nf3 Nxf3 31. Kxf3 Bxb2 32.
Rc2 Bd4 33. a4 Rb8 34. Rb1 Kf7 35. Rb5 fxe4+ 36. dxe4 Bg7 37. a5 bxa5 38. Rxb8 Rxb8 39. Rxc5 Rb3+ 40. Kg4 a4 41. Rc7+ Kf8 42. Rxa7 a3 43. f5 gxf5+ 44. exf5 Bb2 45. Ra5 Rd3 46. Nf4 Rd2 47.
h4 Rd1 48. Ng6+ Kg7 49. Ra7+ Kf6 50. Nf4 Rd4 51. Ra6+ Ke5 52. Re6# 1-0

[Event "*** Titled Tuesday Blitz"]
[Site "Chess.com"]
[Date "2021.03.16"]
[Round "1"]
[White "I_Enchev"]
[Black "NishaOnYoutube"]
[Result "1-0"]
[WhiteElo "2544"]
[BlackElo "2138"]
[TimeControl "180+1"]
[EndTime "10:08:05 PDT"]
[Termination "I_Enchev won on time"]

1. d4 d5 2. c4 e6 3. Nf3 Nf6 4. g3 Be7 5. Bg2 O-O 6. O-O dxc4 7. Qc2 a6 8. a4 Bd7 9. Qxc4 Bc6 10. Nc3 a5 11. Bg5 Na6 12. e3 Bxf3 13. Bxf3 c6 14. Bxf6 Bxf6 15. Ne4 Be7 16. Rac1 Nb4 17. Rfd1 Qb6 18. Nc5 Rfd8 19. Nb3 Rd7 20. Be4 h6 21. Bb1 Rad8 22. Qe2 g6 23. h4 h5 24. Nd2 Kg7 25. Nc4 Qa7 26. Ne5 Rd5 27. Qf3 Bf6 28. Be4 R5d6 29. Nc4 R6d7 30. Kg2 Qa8 31. g4 Qa7 32. g5 Be7 33. Ne5 Bd6 34. Nxd7 Rxd7 35. Bd3 Qb8 36. Bc4 Re7 37. Qe4 Qf8 38. f4 Rd7 39. b3 Rd8 40. Rd2 Rd7 41. Rf1 Rd8 42. Rdf2 Rd7 43. Qb1 Bb8 44. Qb2 Kg8 45. e4 Qd6 46. Rd1 Qc7 47. Qc3 Ba7 48. f5 Bb8 49. fxe6 Qh2+ 50. Kf1 Qh1+ 51. Ke2 Qxe4+ 52. Qe3 Qxe3+ 53.
Kxe3 Nd5+ 54. Bxd5 Rxd5 55. Rxf7 1-0

[Event "*** Titled Tuesday Blitz"]
[Site "Chess.com"]
[Date "2021.03.16"]
[Round "1"]
[White "Paladin61"]
[Black "zmeeed67"]
[Result "1-0"]
[WhiteElo "2764"]
[BlackElo "2406"]
[TimeControl "180+1"]
[EndTime "10:08:06 PDT"]
[Termination "Paladin61 won by resignation"]

1. b3 Nf6 2. Bb2 g6 3. Bxf6 exf6 4. c4 d5 5. cxd5 Qxd5 6. Nc3 Qd6 7. e3 c6 8. g3 Bg7 9. Bg2 O-O 10. Nge2 h5 11.
d4 h4 12. Nf4 Re8 13. O-O f5 14. Rb1 Nd7 15. b4 a6 16. Qc2 Nf6 17. Na4 g5 18. Nd3 f4 19. Nb6 Bf5 20. Nxa8 Rxa8 21. Rbd1 Re8 22. exf4 gxf4 23. Qc5 Qd7 24. Nxf4 h3 25. Bf3 Be4 26. Qc3 Nd5 27. Nxd5 Qxd5 28. Rfe1 Bxf3 29.
Rxe8+ Kh7 30. Rde1 Be2 31. Qc2+ f5 32. Re4 Bf3 33.
Rh4+ Kg6 34. Rf4 Bh1 35. Qxf5+ Qxf5 36. Rxf5 Kxf5 37. Kxh1 Bxd4 38. f3 Bc3 39. Re4 b6 40. Kg1 a5 41. bxa5 Bxa5 42. Rh4 Bd2 43. Rxh3 c5 44. Kf1 c4 45. Ke2 Bc1 46. Rh5+ Kg6 47.
Rb5 c3 48. Rxb6+ Kf5 49. Kd3 Bd2 50. Rb5+ Ke6 51. a4 Kd6 52. Rb3 1-0